[Event "Konyaalti Open-A 2019"]
[Site "Konyaalti"]
[Date "2019.11.22"]
[Round "7.8"]
[White "Solozhenkina, Elizaveta"]
[Black "Mammadov, Zaur"]
[Result "1/2-1/2"]
[ECO "C08"]
[WhiteElo "2314"]
[BlackElo "2421"]
[Annotator "ChessBase"]
[PlyCount "229"]
[EventDate "2019.11.20"]
[EventType "swiss"]
[EventCountry "TUR"]
[SourceTitle "playchess.com"]
[Source "ChessBase"]
[SourceQuality "1"]
[TimeControl "5400+30"]

1. e4 e6 2. d4 d5 3. Nd2 c5 4. exd5 exd5 5. Bb5+ Nc6 6. Ngf3 Nf6 7. O-O cxd4 8. Re1+ Be7 9. Qe2 Bg4 10. h3 Bh5 11. b3 Rc8 12. Ba3 Kf8 13. Bxe7+ Nxe7 14. Bd3 Nc6 15. a3 Qd6 16. b4 a6 17. b5 axb5 18. Bf5 Ra8 19. Qxb5 Bxf3 20. Nxf3 g6 21. Qxb7 Rb8 22. Qa6 Qc7 23. Rab1 Kg7 24. Bd3 Nd7 25. Rb5 Rhd8 26. Reb1 Nc5 27. Rxc5 Rxb1+ 28. Bf1 Rb6 29. Qa4 Qd6 30. Rb5 Rxb5 31. Bxb5 Ne7 32. Nxd4 Qe5 33. Qb4 Nf5 34. Nf3 Qe4 35. Qb2+ d4 36. Bd3 Qd5 37. a4 Ra8 38. Bb5 Kg8 39. Qb4 Rb8 40. Qd2 Rc8 41. Bd3 Ng7 42. a5 Rb8 43. a6 Rb1+ 44. Kh2 Ne6 45. Qe2 Ra1 46. Bc4 Qd6+ 47. g3 Qc6 48. h4 Kf8 49. Bb5 Qa8 50. Kg2 Qb8 51. Ne5 Kg7 52. Nc6 Qd6 53. Qe4 Nc5 54. Qxd4+ Qxd4 55. Nxd4 Nxa6 56. Nf3 Nc5 57. Bc4 Rc1 58. Nd4 Rd1 59. Nf3 f5 60. Be2 Rc1 61. Nd4 Kf6 62. Kf3 Ne6 63. Nxe6 Kxe6 64. Bd3 Re1 65. Kg2 Ke5 66. Kf3 Ra1 67. Ke3 h6 68. Bc4 Ra3+ 69. Bd3 Ra4 70. Kf3 g5 71. hxg5 hxg5 72. Ke3 Rb4 73. Ke2 Rb1 74. Ke3 Re1+ 75. Kd2 Rg1 76. Ke3 Rh1 77. Ke2 Rh3 78. Kf3 g4+ 79. Kg2 f4 80. Be2 fxg3 81. Bxg4 Rh8 82. Kxg3 Rg8 83. f3 Rg7 84. Kf2 Rc7 85. Ke3 Rxc2 86. Kd3 Ra2 87. Bd7 Ra3+ 88. Ke2 Rc3 89. Bg4 Kd4 90. Bf5 Ra3 91. Be4 Ra2+ 92. Kf1 Ke3 93. Bc6 Rf2+ 94. Kg1 Ke2 95. Bd5 Ke1 96. Be4 Rb2 97. Bd5 Rb5 98. Be4 Rg5+ 99. Kh2 Kf2 100. Kh3 Ke3 101. Kh2 Kf4 102. Kh3 Rg8 103. Kh2 Rg3 104. Bc6 Rg7 105. Be4 Rg8 106. Bd5 Rd8 107. Be4 Rd2+ 108. Kh3 Rb2 109. Bc6 Rb8 110. Be4 Rh8+ 111. Kg2 Rh6 112. Bd5 Rg6+ 113. Kh2 Rg3 114. Be4 Rxf3 115. Bxf3 1/2-1/2

[Event "Konyaalti Open-A 2019"]
[Site "Konyaalti"]
[Date "2019.11.22"]
[Round "7.9"]
[White "Mirzoev, Azer"]
[Black "Rzayev, Askar Aliakbar"]
[Result "1-0"]
[ECO "E36"]
[WhiteElo "2472"]
[BlackElo "2116"]
[Annotator "ChessBase"]
[PlyCount "61"]
[EventDate "2019.11.20"]
[EventType "swiss"]
[EventCountry "TUR"]
[SourceTitle "playchess.com"]
[Source "ChessBase"]
[SourceQuality "1"]
[TimeControl "5400+30"]

1. d4 Nf6 2. c4 e6 3. Nc3 Bb4 4. Qc2 d5 5. a3 Bxc3+ 6. Qxc3 dxc4 7. Qxc4 O-O 8. g3 Nbd7 9. Bg2 e5 10. Nf3 Nb6 11. Qc5 e4 12. Ne5 h6 13. O-O Be6 14. a4 Nbd7 15. Qc2 Bd5 16. b4 c6 17. b5 Rc8 18. bxc6 bxc6 19. Ba3 Re8 20. Nc4 Re6 21. Bh3 Nb6 22. Ne3 Nbd7 23. Bxe6 fxe6 24. Rab1 Qe8 25. Rb7 c5 26. Nxd5 exd5 27. Bxc5 Qh5 28. f3 Nxc5 29. dxc5 Qe5 30. c6 d4 31. fxe4 1-0

[Event "Konyaalti Open-A 2019"]
[Site "Konyaalti"]
[Date "2019.11.22"]
[Round "7.10"]
[White "Burcu, Cagatay"]
[Black "Guliev, Sarhan"]
[Result "1-0"]
[ECO "D34"]
[WhiteElo "2331"]
[BlackElo "2311"]
[Annotator "NA"]
[PlyCount "74"]
[EventDate "2019.11.20"]
[EventType "swiss"]
[EventCountry "TUR"]
[SourceTitle "playchess.com"]
[Source "ChessBase"]
[SourceQuality "1"]
[TimeControl "5400+30"]

1. d4 d5 2. Nf3 c5 3. c4 e6 4. cxd5 exd5 5. g3 Nc6 6. Bg2 Nf6 7. O-O h6 8. Nc3 Be7 9. Be3 cxd4 10. Nxd4 O-O 11. Nxc6 bxc6 12. Na4 {[%emt 0:00:30] D34: Tarrasch Defence: 6 g3 Nf6 7 Bg2 Be7} Bg4 13. Rc1 Qd7 14. Bc5 Rfe8 15. Re1 h5 $146 ({Predecessor:} 15... Qb7 16. Qd4 Bd8 17. e3 Ba5 18. b4 Bc7 19. Qd3 a5 {1-0 (55) Haug,J (2355)-Royset,P (2285) Kragero 2018}) 16. Qd4 Bd8 17. f3 Bh3 18. Qf4 Bxg2 19. Kxg2 Ne4 20. fxe4 Rxe4 21. Qd6 Qxd6 22. Bxd6 Rxa4 23. Rxc6 Rxa2 24. Be5 Bb6 25. Rd1 f6 26. Bd4 Bxd4 $18 (26... Rxb2 $4 ) 27. Rxd4 Rxb2 28. Rxd5 Rxe2+ 29. Kh3 a5 30. Rd7 Re5 31. Kg2 a4 32. h4 Re4 33. Kf3 Rg4 34. Rcc7 Rb8 35. Ra7 Rb3+ 36. Kf2 Rbxg3 37. Rxa4 Rg2+ 1-0

[Event "Konyaalti Open-A 2019"]
[Site "Konyaalti"]
[Date "2019.11.21"]
[Round "8.1"]
[White "Shanava, Konstantine"]
[Black "Moiseenko, Vadim"]
[Result "1-0"]
[ECO "C54"]
[WhiteElo "2491"]
[BlackElo "2532"]
[Annotator "ChessBase"]
[PlyCount "136"]
[EventDate "2019.11.20"]
[EventType "swiss"]
[EventCountry "TUR"]
[SourceTitle "playchess.com"]
[Source "ChessBase"]
[SourceQuality "1"]
[TimeControl "5400+30"]

1. e4 e5 2. Nf3 Nc6 3. Bc4 Nf6 4. d3 Bc5 5. O-O d6 6. c3 a6 7. d4 Ba7 8. dxe5 Nxe5 9. Nxe5 dxe5 10. Qxd8+ Kxd8 11. Nd2 Ke7 12. Nf3 Nd7 13. Kh1 f6 14. b4 Rd8 15. Bb3 b5 16. Nh4 g6 17. f4 Bb7 18. Nf3 exf4 19. Bxf4 Bxe4 20. Nd2 Bd3 21. Rfe1+ Ne5 22. Nf3 Bf2 23. Nxe5 fxe5 24. Rxe5+ Kf6 25. Re6+ Kf5 26. Bxc7 Rd7 27. Re5+ Kf6 28. Re6+ Kg5 29. Bd6 Bf5 30. Be7+ Kh5 31. Re5 Raa7 32. Bf6 Bh4 33. Bxh4 Kxh4 34. c4 Rd4 35. cxb5 Rxb4 36. bxa6 Rxa6 37. Rae1 Rd4 38. Kg1 h5 39. R1e2 Kg5 40. Rd5 Rf4 41. g3 Rb4 42. h4+ Kh6 43. Rd8 Rb7 44. Rde8 Raa7 45. Kf2 Rd7 46. Rh8+ Kg7 47. Rg8+ Kh7 48. Rb8 Bg4 49. Ree8 Rd2+ 50. Ke3 Rg2 51. Kf4 Rf2+ 52. Ke5 Rf5+ 53. Ke4 Bf3+ 54. Kd4 Rd7+ 55. Kc3 Bd5 56. Re3 Rc7+ 57. Kb4 Bxb3 58. axb3 g5 59. Rb5 Rcf7 60. Rxf5 Rxf5 61. hxg5 Kg6 62. Kc4 Rf8 63. b4 Rc8+ 64. Kd5 Rb8 65. Kc5 Rc8+ 66. Kd6 Rb8 67. Rb3 Kxg5 68. b5 Kg4 1-0

[Event "Konyaalti Open-A 2019"]
[Site "Konyaalti"]
[Date "2019.11.21"]
[Round "8.2"]
[White "Mirzoev, Azer"]
[Black "Ibrahimov, Rasul"]
[Result "0-1"]
[ECO "A13"]
[WhiteElo "2472"]
[BlackElo "2518"]
[Annotator "ChessBase"]
[PlyCount "148"]
[EventDate "2019.11.20"]
[EventType "swiss"]
[EventCountry "TUR"]
[SourceTitle "playchess.com"]
[Source "ChessBase"]
[SourceQuality "1"]
[TimeControl "5400+30"]

1. Nf3 d5 2. c4 e6 3. e3 Nf6 4. b3 dxc4 5. bxc4 c5 6. Bb2 Be7 7. d4 O-O 8. Nbd2 b6 9. Bd3 Bb7 10. O-O Nc6 11. Qe2 Qc7 12. Rad1 Rad8 13. Bb1 Rfe8 14. Rfe1 Ba6 15. h3 Bf8 16. Nb3 cxd4 17. exd4 g6 18. Rc1 Bg7 19. Qe3 Qb8 20. Ba3 Bb7 21. Ne5 a5 22. Rcd1 a4 23. Nc1 Nxe5 24. dxe5 Nd7 25. Bd6 Qc8 26. Be4 Bxe4 27. Qxe4 Nc5 28. Qc2 Qc6 29. Ne2 Rc8 30. Nd4 Qa8 31. Nb5 Red8 32. Qe2 Rd7 33. h4 Nb7 34. Bb4 Rxd1 35. Rxd1 Rd8 36. Nd6 Nxd6 37. Bxd6 Qc6 38. Rd4 h5 39. g4 hxg4 40. Qxg4 Qe8 41. Kg2 Bf8 42. Qf3 Bxd6 43. exd6 e5 44. Rd5 Qe6 45. Qe4 Rxd6 46. Rxe5 Qf6 47. c5 bxc5 48. Rxc5 Rd4 49. Qe8+ Kg7 50. Rc8 Rg4+ 51. Kf1 Qa6+ 52. Ke1 Qe6+ 53. Qxe6 fxe6 54. Ra8 Rxh4 55. Kd2 g5 56. a3 Kf6 57. Ra5 e5 58. Ra8 Rf4 59. Ke3 Rc4 60. Ke2 Kf5 61. Rf8+ Ke6 62. Re8+ Kd5 63. Rd8+ Kc5 64. Rc8+ Kd4 65. Rd8+ Kc3 66. Rb8 Kc2 67. Rb5 Rc3 68. Rxe5 Rxa3 69. Rxg5 Rb3 70. Ra5 a3 71. f4 Kb2 72. f5 a2 73. f6 a1=Q 74. Rxa1 Kxa1 0-1

[Event "Konyaalti Open-A 2019"]
[Site "Konyaalti"]
[Date "2019.11.21"]
[Round "8.3"]
[White "Gokerkan, Cem Kaan"]
[Black "Lortkipanidze, Nodar"]
[Result "1/2-1/2"]
[ECO "A08"]
[WhiteElo "2452"]
[BlackElo "2377"]
[Annotator "ChessBase"]
[PlyCount "94"]
[EventDate "2019.11.20"]
[EventType "swiss"]
[EventCountry "TUR"]
[SourceTitle "playchess.com"]
[Source "ChessBase"]
[SourceQuality "1"]
[TimeControl "5400+30"]

1. e4 e6 2. d3 d5 3. Nd2 c5 4. Ngf3 Nc6 5. g3 g6 6. Bg2 Bg7 7. O-O Nge7 8. Re1 b6 9. h4 h6 10. Nf1 dxe4 11. dxe4 Ba6 12. c3 Qxd1 13. Rxd1 O-O 14. Ne3 Rad8 15. Re1 f5 16. exf5 exf5 17. Bf1 Bxf1 18. Nxf1 Nd5 19. Re6 Rf6 20. Rxf6 Nxf6 21. Bf4 Ne4 22. Re1 b5 23. N1d2 Nxd2 24. Nxd2 Kf7 25. a3 a5 26. Kg2 a4 27. Nf3 Rd5 28. Re2 Na5 29. Be5 Nc4 30. Bxg7 Kxg7 31. Re7+ Kf6 32. Rb7 Nd6 33. Rb8 g5 34. hxg5+ hxg5 35. g4 fxg4 36. Nh2 Rd2 37. Nxg4+ Ke6 38. Rg8 Rxb2 39. Rxg5 Ra2 40. Re5+ Kd7 41. Rxc5 Rxa3 42. Ne5+ Ke8 43. Rd5 Ke7 44. Nc6+ Ke6 45. Re5+ Kd7 46. Nd4 Rxc3 47. Nxb5 Kc6 1/2-1/2

[Event "Konyaalti Open-A 2019"]
[Site "Konyaalti"]
[Date "2019.11.21"]
[Round "8.4"]
[White "Gadimbayli, Abdulla"]
[Black "Solozhenkin, Evgeniy"]
[Result "1-0"]
[ECO "C92"]
[WhiteElo "2447"]
[BlackElo "2387"]
[Annotator "ChessBase"]
[PlyCount "83"]
[EventDate "2019.11.20"]
[EventType "swiss"]
[EventCountry "TUR"]
[SourceTitle "playchess.com"]
[Source "ChessBase"]
[SourceQuality "1"]
[TimeControl "5400+30"]

1. e4 e5 2. Nf3 Nc6 3. Bb5 a6 4. Ba4 Nf6 5. O-O Be7 6. Re1 b5 7. Bb3 d6 8. c3 O-O 9. h3 Re8 10. d4 Bb7 11. Nbd2 Bf8 12. d5 Nb8 13. Nf1 Nbd7 14. Ng3 Nc5 15. Bc2 c6 16. b4 Ncd7 17. dxc6 Bxc6 18. Bb3 h6 19. Be3 Nb6 20. Qd3 Rc8 21. Bxb6 Qxb6 22. Nh2 a5 23. bxa5 Qxa5 24. Nf5 Bxe4 25. Rxe4 Rxc3 26. Nxh6+ gxh6 27. Rg4+ Kh8 28. Qf5 Bg7 29. Bxf7 Nxg4 30. Nxg4 Qd8 31. Bxe8 Qxe8 32. Nf6 Bxf6 33. Qxf6+ Kh7 34. Qxd6 e4 35. Qf6 Qc6 36. Qf7+ Kh8 37. Qf4 Kg7 38. Re1 Rc4 39. Re3 Qf6 40. Qg4+ Kf8 41. Rg3 e3 42. Qg8+ 1-0

[Event "Konyaalti Open-A 2019"]
[Site "Konyaalti"]
[Date "2019.11.21"]
[Round "8.5"]
[White "Nigalidze, Gaioz"]
[Black "Garayev, Kanan"]
[Result "1-0"]
[ECO "D87"]
[WhiteElo "2472"]
[BlackElo "2338"]
[Annotator "ChessBase"]
[PlyCount "79"]
[EventDate "2019.11.20"]
[EventType "swiss"]
[EventCountry "TUR"]
[SourceTitle "playchess.com"]
[Source "ChessBase"]
[SourceQuality "1"]
[TimeControl "5400+30"]

1. d4 Nf6 2. c4 g6 3. Nc3 d5 4. cxd5 Nxd5 5. e4 Nxc3 6. bxc3 Bg7 7. Bc4 O-O 8. Ne2 c5 9. O-O Nc6 10. Be3 Qc7 11. Rc1 Rd8 12. Qd2 b6 13. Qb2 Na5 14. Bd3 Bb7 15. Rfd1 Rac8 16. f3 cxd4 17. cxd4 Qd7 18. Bb5 Bc6 19. Bxc6 Rxc6 20. Rxc6 Nxc6 21. Qb5 Rc8 22. Rc1 Nb8 23. Rxc8+ Qxc8 24. d5 Qd7 25. Qc4 e6 26. Bf4 e5 27. Be3 Bf8 28. Nc3 Bc5 29. Bxc5 Qc8 30. Na4 Nd7 31. Qb5 Nxc5 32. Nxc5 bxc5 33. Qc6 Qb8 34. h3 Kg7 35. Qxc5 Kf6 36. Kh2 h5 37. d6 Qb6 38. Qc7 Qd4 39. Qe7+ Kg7 40. d7 1-0

[Event "Konyaalti Open-A 2019"]
[Site "Konyaalti"]
[Date "2019.11.21"]
[Round "8.6"]
[White "Guliev, Sarhan"]
[Black "Haznedaroglu, Kivanc"]
[Result "0-1"]
[ECO "E91"]
[WhiteElo "2311"]
[BlackElo "2461"]
[Annotator "ChessBase"]
[PlyCount "88"]
[EventDate "2019.11.20"]
[EventType "swiss"]
[EventCountry "TUR"]
[SourceTitle "playchess.com"]
[Source "ChessBase"]
[SourceQuality "1"]
[TimeControl "5400+30"]

1. d4 Nf6 2. c4 g6 3. Nc3 c5 4. d5 Bg7 5. Nf3 O-O 6. e4 e6 7. Be2 exd5 8. exd5 d6 9. O-O Bg4 10. h3 Bxf3 11. Bxf3 a6 12. a4 Nbd7 13. Be2 Re8 14. Bg5 Qc7 15. Qd2 Ne4 16. Nxe4 Rxe4 17. Bd3 Ree8 18. Rab1 Bd4 19. Kh1 Ne5 20. Be2 f5 21. b4 b6 22. Rb3 Qd7 23. bxc5 Bxc5 24. a5 bxa5 25. Qxa5 Nf7 26. Be3 Bxe3 27. fxe3 Qa7 28. Qa3 Re7 29. Rc1 Rc7 30. e4 Re8 31. Bf3 fxe4 32. Bg4 Qc5 33. Qa4 Ree7 34. Be6 Kg7 35. Rb8 Qd4 36. Qxa6 e3 37. Qa2 Ng5 38. Rg8+ Kh6 39. Bg4 Ra7 40. Qe2 Ra1 41. Rxa1 Qxa1+ 42. Kh2 Qe5+ 43. Kg1 Ra7 44. Rf8 Nf7 0-1

[Event "Konyaalti Open-A 2019"]
[Site "Konyaalti"]
[Date "2019.11.21"]
[Round "8.7"]
[White "Ozen, Deniz"]
[Black "Mammadov, Zaur"]
[Result "1/2-1/2"]
[ECO "B16"]
[WhiteElo "2422"]
[BlackElo "2421"]
[Annotator "ChessBase"]
[PlyCount "84"]
[EventDate "2019.11.20"]
[EventType "swiss"]
[EventCountry "TUR"]
[SourceTitle "playchess.com"]
[Source "ChessBase"]
[SourceQuality "1"]
[TimeControl "5400+30"]

1. e4 c6 2. d4 d5 3. Nc3 dxe4 4. Nxe4 Nf6 5. Nxf6+ gxf6 6. c3 h5 7. Nf3 h4 8. h3 Bf5 9. Bd3 Bxd3 10. Qxd3 e6 11. O-O Bd6 12. Re1 Nd7 13. c4 Qc7 14. Qe4 c5 15. d5 O-O-O 16. dxe6 fxe6 17. Qxe6 Kb8 18. Be3 Ne5 19. Nxe5 Bxe5 20. Qf5 Rhg8 21. Rad1 b6 22. Rxd8+ Rxd8 23. b3 Rg8 24. Kh1 Qb7 25. f3 Qg7 26. Qg4 Qh7 27. Qe4 Qg7 28. Qg4 Qh7 29. Qe4 Qxe4 30. fxe4 Rd8 31. Bf2 Bg3 32. Bxg3+ hxg3 33. Kg1 Rd2 34. Kf1 Rf2+ 35. Kg1 Rxa2 36. Rf1 Re2 37. Rxf6 Re1+ 38. Rf1 Rxe4 39. Rf3 Re1+ 40. Rf1 Re3 41. Rf3 Re1+ 42. Rf1 Re3 1/2-1/2

[Event "Konyaalti Open-A 2019"]
[Site "Konyaalti"]
[Date "2019.11.21"]
[Round "8.8"]
[White "Yurtseven, Melih"]
[Black "Solozhenkina, Elizaveta"]
[Result "1/2-1/2"]
[ECO "E20"]
[WhiteElo "2388"]
[BlackElo "2314"]
[Annotator "ChessBase"]
[PlyCount "53"]
[EventDate "2019.11.20"]
[EventType "swiss"]
[EventCountry "TUR"]
[SourceTitle "playchess.com"]
[Source "ChessBase"]
[SourceQuality "1"]
[TimeControl "5400+30"]

1. d4 Nf6 2. c4 e6 3. Nc3 Bb4 4. g3 c5 5. Nf3 cxd4 6. Nxd4 O-O 7. Nc2 Bxc3+ 8. bxc3 d5 9. cxd5 Nxd5 10. c4 Nb6 11. Ba3 Re8 12. Ne3 Qg5 13. Qd2 Nc6 14. h4 Qf6 15. Rc1 Rd8 16. Ng4 Qg6 17. Qg5 e5 18. Qxg6 hxg6 19. Ne3 Be6 20. h5 gxh5 21. Rxh5 Rac8 22. Bg2 g6 23. Rh4 Rd7 24. c5 Nd5 25. Nc4 f6 26. Nd6 Rb8 27. Be4 1/2-1/2

[Event "Konyaalti Open-A 2019"]
[Site "Konyaalti"]
[Date "2019.11.21"]
[Round "8.9"]
[White "Bashirli, Nail"]
[Black "Kiremitciyan, Ari"]
[Result "1/2-1/2"]
[ECO "B26"]
[WhiteElo "2383"]
[BlackElo "2264"]
[Annotator "ChessBase"]
[PlyCount "86"]
[EventDate "2019.11.20"]
[EventType "swiss"]
[EventCountry "TUR"]
[SourceTitle "playchess.com"]
[Source "ChessBase"]
[SourceQuality "1"]
[TimeControl "5400+30"]

1. e4 c5 2. Ne2 Nc6 3. Nbc3 g6 4. g3 Bg7 5. Bg2 e6 6. O-O Nge7 7. d3 d6 8. Be3 Nd4 9. Qd2 O-O 10. f4 f5 11. Nd1 Rb8 12. c3 Nxe2+ 13. Qxe2 b6 14. Nf2 d5 15. exf5 exf5 16. d4 c4 17. Rae1 Kh8 18. Bd2 Ng8 19. Qf3 Nf6 20. Re5 Ne4 21. Nxe4 fxe4 22. Qe2 Bxe5 23. dxe5 Be6 24. h3 Qd7 25. Kh2 Rf7 26. Be3 Rbf8 27. Rd1 Qc8 28. a4 h5 29. Qe1 Kg8 30. h4 Qc6 31. Ra1 Kh7 32. Bd2 Bf5 33. Be3 Rb7 34. Qd2 a6 35. Bf1 b5 36. axb5 Rxb5 37. Ra2 Rfb8 38. Qf2 Qb7 39. Bc1 Qb6 40. Be3 Qb7 41. Bc1 Qb6 42. Be3 Qb7 43. Bc1 a5 1/2-1/2

[Event "Konyaalti Open-A 2019"]
[Site "Konyaalti"]
[Date "2019.11.21"]
[Round "8.10"]
[White "Mammadova, Narmin"]
[Black "Osmak, Iulija"]
[Result "1/2-1/2"]
[ECO "C47"]
[WhiteElo "2282"]
[BlackElo "2401"]
[Annotator "ChessBase"]
[PlyCount "160"]
[EventDate "2019.11.20"]
[EventType "swiss"]
[EventCountry "TUR"]
[SourceTitle "playchess.com"]
[Source "ChessBase"]
[SourceQuality "1"]
[TimeControl "5400+30"]

1. e4 e5 2. Nf3 Nc6 3. Nc3 Nf6 4. d4 exd4 5. Nxd4 Bc5 6. Nxc6 bxc6 7. Bd3 O-O 8. O-O d5 9. Bg5 Be7 10. exd5 Nxd5 11. Bxe7 Nxe7 12. Qf3 Be6 13. Rad1 Qb8 14. b3 Qb4 15. Qe4 Qxe4 16. Bxe4 Rad8 17. h3 Rd6 18. Rxd6 cxd6 19. f4 g6 20. Rd1 Rd8 21. Bf3 Kg7 22. Kf2 f5 23. Rd4 Rd7 24. Rd2 Kf6 25. g4 h6 26. Kg3 g5 27. Ne2 d5 28. h4 gxh4+ 29. Kxh4 fxg4 30. Bxg4 Bxg4 31. Kxg4 Nf5 32. Kf3 Rg7 33. c4 dxc4 34. bxc4 h5 35. Rd8 Re7 36. Rc8 Kg7 37. Ng1 Nd4+ 38. Kf2 Rb7 39. Nf3 Rb2+ 40. Ke3 Nf5+ 41. Kd3 Rxa2 42. Rc7+ Kg8 43. Ke4 Nd6+ 44. Ke5 Nxc4+ 45. Kf6 Nb6 46. Rxc6 Rf2 47. Ng5 Nd5+ 48. Ke5 Nxf4 49. Rc4 Ng6+ 50. Ke6 h4 51. Rc7 a5 52. Ra7 Nf8+ 53. Ke5 Rf1 54. Ke4 Ng6 55. Rxa5 Rf4+ 56. Ke3 Rf6 57. Ra7 Rf5 58. Nh3 Rb5 59. Kf3 Rb3+ 60. Kg4 Rg3+ 61. Kh5 Kf8 62. Rb7 Ne7 63. Ng5 h3 64. Nh7+ Ke8 65. Nf6+ Kf7 66. Ng4 Ke6 67. Rb6+ Kf5 68. Rf6+ Ke4 69. Kh4 Rg1 70. Kxh3 Nf5 71. Nf2+ Kf4 72. Kh2 Rg8 73. Nh3+ Ke5 74. Ra6 Ne3 75. Ra5+ Ke4 76. Ng5+ Kf4 77. Nh3+ Kf3 78. Ng5+ Kf2 79. Ra2+ Kf1 80. Ra1+ Kf2 1/2-1/2

[Event "Konyaalti Open-A 2019"]
[Site "Konyaalti"]
[Date "2019.11.22"]
[Round "9.4"]
[White "Lortkipanidze, Nodar"]
[Black "Ozen, Deniz"]
[Result "1/2-1/2"]
[ECO "D14"]
[WhiteElo "2377"]
[BlackElo "2422"]
[Annotator "ChessBase"]
[PlyCount "20"]
[EventDate "2019.11.20"]
[EventType "swiss"]
[EventCountry "TUR"]
[SourceTitle "playchess.com"]
[Source "ChessBase"]
[SourceQuality "1"]
[TimeControl "5400+30"]

1. d4 d5 2. c4 c6 3. cxd5 cxd5 4. Nc3 Nc6 5. Bf4 Nf6 6. e3 Bf5 7. Bd3 Bxd3 8. Qxd3 e6 9. Nf3 Bd6 10. Bxd6 Qxd6 1/2-1/2

[Event "Konyaalti Open-A 2019"]
[Site "Konyaalti"]
[Date "2019.11.23"]
[Round "9.5"]
[White "Moiseenko, Vadim"]
[Black "Bashirli, Nail"]
[Result "1/2-1/2"]
[ECO "B88"]
[WhiteElo "2532"]
[BlackElo "2383"]
[Annotator "ChessBase"]
[PlyCount "66"]
[EventDate "2019.11.20"]
[EventType "swiss"]
[EventCountry "TUR"]
[SourceTitle "playchess.com"]
[Source "ChessBase"]
[SourceQuality "1"]
[TimeControl "5400+30"]

1. e4 c5 2. Nf3 d6 3. d4 cxd4 4. Nxd4 Nf6 5. Nc3 Nc6 6. Bc4 e6 7. Be3 a6 8. f4 Qc7 9. Bb3 Be7 10. Qf3 O-O 11. f5 Nxd4 12. Bxd4 b5 13. a3 Rb8 14. fxe6 Bxe6 15. O-O b4 16. Nd5 Bxd5 17. exd5 Nd7 18. axb4 Rxb4 19. Qc3 Qb7 20. Bxg7 Rc8 21. Qf3 f6 22. Bh6 Ne5 23. Qf5 Kh8 24. h3 Rg8 25. Kh1 Bd8 26. Qe6 Rh4 27. Rxf6 Rxh6 28. Rxh6 Qg7 29. g4 Qf8 30. Rg1 Qf3+ 31. Rg2 Bg5 32. Rh5 Qf1+ 33. Rg1 Qf3+ 1/2-1/2

[Event "Konyaalti Open-A 2019"]
[Site "Konyaalti"]
[Date "2019.11.23"]
[Round "9.7"]
[White "Kiremitciyan, Ari"]
[Black "Yurtseven, Melih"]
[Result "1/2-1/2"]
[ECO "A13"]
[WhiteElo "2264"]
[BlackElo "2388"]
[Annotator "ChessBase"]
[PlyCount "59"]
[EventDate "2019.11.20"]
[EventType "swiss"]
[EventCountry "TUR"]
[SourceTitle "playchess.com"]
[Source "ChessBase"]
[SourceQuality "1"]
[TimeControl "5400+30"]

1. Nf3 Nf6 2. c4 e6 3. g3 a6 4. Bg2 b5 5. b3 Bb7 6. O-O Be7 7. Na3 b4 8. Nc2 c5 9. Ne3 d6 10. a3 a5 11. d4 Nbd7 12. d5 exd5 13. Nh4 Nb6 14. cxd5 g6 15. Bb2 O-O 16. axb4 axb4 17. Rxa8 Bxa8 18. Qd2 Nbd7 19. Ra1 Re8 20. Nef5 Bf8 21. e4 Nxe4 22. Bxe4 Rxe4 23. f3 Re8 24. Nh6+ Bxh6 25. Qxh6 f6 26. Nxg6 hxg6 27. Qxg6+ Kf8 28. Qh6+ Kg8 29. Qg6+ Kf8 30. Qh6+ 1/2-1/2

[Event "Konyaalti Open-A 2019"]
[Site "Konyaalti"]
[Date "2019.11.23"]
[Round "9.9"]
[White "Samani, Yamac"]
[Black "Mirzoev, Azer"]
[Result "0-1"]
[ECO "C75"]
[WhiteElo "2305"]
[BlackElo "2472"]
[Annotator "ChessBase"]
[PlyCount "206"]
[EventDate "2019.11.20"]
[EventType "swiss"]
[EventCountry "TUR"]
[SourceTitle "playchess.com"]
[Source "ChessBase"]
[SourceQuality "1"]
[TimeControl "5400+30"]

1. e4 e5 2. Nf3 Nc6 3. Bb5 Nge7 4. O-O a6 5. Ba4 d6 6. c3 Bd7 7. d4 Ng6 8. Be3 Be7 9. d5 Nb8 10. Bc2 O-O 11. c4 c5 12. dxc6 bxc6 13. Nc3 c5 14. Nd5 Nc6 15. Ba4 Rb8 16. Rb1 h6 17. a3 Nd4 18. Bxd7 Qxd7 19. b4 Rfc8 20. Bxd4 cxd4 21. Qd3 Qa4 22. Rfc1 Bg5 23. Rc2 Ne7 24. Nxe7+ Bxe7 25. Ne1 g6 26. Qb3 Qc6 27. f3 Kg7 28. b5 Qb6 29. Kh1 axb5 30. cxb5 Rxc2 31. Nxc2 Rc8 32. a4 Rc3 33. Qb2 Qc5 34. Nb4 Bg5 35. a5 d3 36. Nxd3 Rxd3 37. b6 Bd8 38. b7 Bc7 39. b8=Q Bxb8 40. Qxb8 Qxa5 41. h3 Rd2 42. Qc8 Rb2 43. Rxb2 Qa1+ 44. Kh2 Qxb2 45. Qd7 Qd2 46. Qe7 Qf4+ 47. Kg1 Qf6 48. Qd7 h5 49. Kf2 Qe6 50. Qb7 Kf6 51. Qc7 Qe7 52. Qc8 Kg7 53. Kg1 Kf6 54. Kh2 Qa7 55. Qd8+ Ke6 56. Qe8+ Qe7 57. Qc8+ Qd7 58. Qc4+ Ke7 59. Qd5 f5 60. Qg8 Qe6 61. Qa8 fxe4 62. fxe4 Kf7 63. Qb7+ Qe7 64. Qd5+ Kg7 65. Kh1 Qf6 66. Kg1 Qe7 67. Kh2 g5 68. Qd1 Kh6 69. Qf3 Qe6 70. Qf8+ Kg6 71. Qd8 h4 72. Qa8 g4 73. hxg4 Kg5 74. Qf8 Kxg4 75. Qf3+ Kg5 76. Qe3+ Kh5 77. Qf3+ Qg4 78. Qf7+ Qg6 79. Qf3+ Qg4 80. Qf7+ Kg5 81. Qe7+ Kf4 82. Qxd6 Qg3+ 83. Kh1 Qe1+ 84. Kh2 Qxe4 85. Qh6+ Kg4 86. Qg7+ Kh5 87. Qh8+ Kg6 88. Qg8+ Kf6 89. Qh8+ Ke6 90. Kh3 Kd5 91. Qd8+ Kc4 92. Qg8+ Kc3 93. Qc8+ Kd2 94. Kh2 Qd4 95. Qh8 Kd3 96. Qh7+ e4 97. Qxh4 e3 98. Qe1 e2 99. Qb1+ Kd2 100. Qa2+ Ke3 101. Qa3+ Kf2 102. Qf3+ Ke1 103. g4 Qf2+ 0-1